 Dungeon Crawl Stone Soup version 0.24-a0-458-gfcb5e6da0e (webtiles) character file.

Game seed: 8474877802025924715

361 KristoblXynda the Slasher (level 6, -2/48 HPs)
             Began as a Draconian Gladiator on June 26, 2019.
             Was a Follower of Yredelemnul.
             Slain by an ogre
             ... wielding a +0 giant spiked club
              (25 damage)
             ... on level 4 of the Dungeon.
             The game lasted 00:05:54 (4445 turns).

KristoblXynda the Slasher (Draconian Gladiator)     Turns: 4445, Time: 00:05:55

Health: -2/48      AC:  6    Str: 16    XL:     6   Next: 38%
Magic:  7/7        EV: 13    Int: 10    God:    Yredelemnul [*.....]
Gold:   167        SH:  4    Dex: 13    Spells: 5/5 levels left

rFire    . . .     SeeInvis .   a - +0 long sword
rCold    . . .     Gourm    .   q - +0 buckler
rNeg     . . .     Faith    .   (armour unavailable)
rPois    .         Spirit   .   b - +0 hat
rElec    .         Reflect  .   (no cloak)
rCorr    .         Harm     .   (no gloves)
MR       .....                  (no boots)
Stlth    +.........             (no amulet)
HPRegen  0.16/turn              (no ring)
MPRegen  0.10/turn              (no ring)

@: no status effects
A: unfitting armour, cold-blooded, AC +6
a: Animate Remains, Renounce Religion


You were on level 4 of the Dungeon.
You worshipped Yredelemnul.
Yredelemnul was aware of your devotion.
You were hungry.

You visited 1 branch of the dungeon, and saw 4 of its levels.

You collected 167 gold pieces.

Inventory:

Hand Weapons
 a - a +0 long sword (weapon)
Missiles
 c - a throwing net (quivered)
Armour
 b - a +0 hat (worn)
 q - a +0 buckler (worn)
Jewellery
 r - a +3 ring of strength {unknown}
Wands
 t - a wand of flame (21)
 v - a wand of clouds (2)
Scrolls
 f - 4 scrolls of amnesia {unknown}
 i - a scroll of fog
 j - a scroll of enchant weapon {unknown}
 m - a scroll of immolation {unknown}
 p - 3 scrolls of fear {unknown}
 s - a scroll of enchant armour {unknown}
 u - a scroll of noise {unknown}
 w - 2 scrolls of remove curse {unknown}
Potions
 h - 2 potions of curing
 l - a potion of haste
 n - 2 potions of brilliance
 o - a potion of cancellation
Comestibles
 d - 10 rations


   Skills:
 - Level 2.1 Fighting
 + Level 4.5 Long Blades
 - Level 3.1 Throwing
 + Level 4.1 Dodging
 + Level 1.9 Shields
 + Level 1.5 Invocations
 + Level 1.3 Evocations


You had 5 spell levels left.
You didn't know any spells.
Your spell library was empty.

Dungeon Overview and Level Annotations

Branches:
Dungeon (4/15)
 Temple: D:4-7

Altars:
Hepliaklqana
Qazlal
Ru
Yredelemnul


Innate Abilities, Weirdness & Mutations

Your plain brown scales are hard. (AC +6)
You cannot fit into any form of body armour.
You are cold-blooded and may be slowed by cold attacks.


Message History

The ogre hits you with a +0 giant spiked club!
Found a lumpy yellow potion.
The quokka skeleton bites you but does no damage.
Found 13 gold pieces.
Found a scroll of identify.
You hit the ogre but do no damage.
The ogre hits you with a +0 giant spiked club!
You hit the ogre but do no damage. The ogre barely misses you.
You riposte.
You completely miss the ogre.
Your tail-slap misses the ogre.
Okay, then.
You are feeling hungry.
Throwing (i - inventory)
c - 2 throwing nets (quivered)
Press: ? - help, Shift-Dir - straight line, f - ogre
Aim: an ogre, wielding a +0 giant spiked club You throw a throwing net.
The throwing net barely misses the ogre.
The ogre hits you with a +0 giant spiked club!!
Ouch! That really hurt!
You die...
Your body rises from the dead as a mindless zombie.

#.. #.#.####...# ## #.#..##..#
#.##.....# #[####...# #.
#[###....# .. .! #.#......#
#.###.###.#...#..###
...#.##....####...### .##
#.#.....#@# #.....#
..?.#......##O# ##.##.#
.$..##..#.<...# #.##.# ####
.....#.....#.Z# #....## #...
...#..........#######O..###... #
#.....#.###..(...## #.#...#... ##
##..#...#...##.#..###.##......
(###..###.Z#.####............#>..
..#...###..#.................#...


You could see an ogre and a quokka skeleton.

Vanquished Creatures
  A scorpion (D:4)
  A worker ant (D:3)
  Natasha (thrice) (D:3)
  2 orc wizards (D:4)
  4 adders
  4 gnolls (D:3)
  2 oozes
  2 worms (D:2)
  A dart slug (D:1)
  A leopard gecko (D:3)
  2 orcs (D:4)
  10 bats
  2 giant cockroaches
  12 goblins
  6 hobgoblins
  A quokka (D:2)
  4 frilled lizards
  11 kobolds
  9 rats
78 creatures vanquished.

Notes
Turn   | Place    | Note
-------+----------+-------------------------------------------
     0 | D:1      | KristoblXynda the Draconian Gladiator began the quest for
                  | the Orb.
     0 | D:1      | Reached XP level 1. HP: 17/17 MP: 1/1
   274 | D:1      | Reached XP level 2. HP: 22/24 MP: 2/2
   514 | D:1      | Reached XP level 3. HP: 13/29 MP: 3/3
  1134 | D:2      | Found a hazy altar of Hepliaklqana.
  1848 | D:2      | Found a faded altar of an unknown god.
  1848 | D:2      | Found a sacrificial altar of Ru.
  1853 | D:2      | Found a faded altar of an unknown god.
  1855 | D:2      | Found a stormy altar of Qazlal.
  1857 | D:2      | Found a basalt altar of Yredelemnul.
  1865 | D:2      | Became a worshipper of Yredelemnul the Dark
  2105 | D:3      | Reached XP level 4. HP: 36/36 MP: 4/4
  2958 | D:3      | Reached XP level 5. HP: 41/41 MP: 5/5
  3123 | D:3      | Reached skill level 1 in Shields
  3127 | D:3      | Reached * piety under Yredelemnul
  3264 | D:3      | Noticed Natasha
  3281 | D:3      | Killed Natasha
  3620 | D:3      | Noticed Natasha
  3631 | D:3      | Killed Natasha
  3684 | D:3      | Noticed Natasha
  3693 | D:3      | Killed Natasha
  3693 | D:3      | Reached skill level 1 in Invocations
  3964 | D:4      | Reached skill level 1 in Evocations
  3964 | D:4      | Reached XP level 6. HP: 46/48 MP: 6/6
  4445 | D:4      | Slain by an ogre

Levels and vault maps discovered:
D:1:      saegor_arrival_simple_a, layout_basic, ebering_dispersal_statue_hall
D:2:      layout_loops_corners, lemuel_coloured_pillars_altar,
          chequers_temple_overflow_minitemple
D:3:      layout_basic, uniq_natasha
D:4:      layout_rooms, first_ration

Skill      XL: |  1  2  3  4  5 |
---------------+----------------+-----
Throwing       | 2 3 |  3.1
Dodging        | 3 4 |  4.1
Long Blades    | 4 |  4.5
Shields        | 1 |  1.9
Invocations    | 1 |  1.5
Evocations     | 1 |  1.3
Fighting       | |  2.1

Action                   |  1- 3 |  4- 6 || total
-------------------------+-------+-------++-------
Melee: Long sword        |    93 |   139 ||   232
       Tailslap          |    12 |    16 ||    28
Throw: Throwing net      |       |     2 ||     2
Evoke: Wand              |       |     4 ||     4
  Use: Scroll            |       |     5 ||     5
       Potion            |       |     5 ||     5
 Stab: Sleeping          |     1 |       ||     1
       Held in net/web   |       |     2 ||     2
  Eat: Chunk             |     4 |     7 ||    11
Armor: Skin              |    41 |    27 ||    68
Dodge: Dodged            |   100 |    91 ||   191
Block: Buckler           |       |    25 ||    25
       Rpst.: Long sword |    37 |    22 ||    59

Table legend:
 A = Non-vault XP
 B = Vault XP
 C = Vault XP percentage of total XP
 D = Non-vault monster count
 E = Vault monster count
 F = Vault count percentage of total count
                 A         B        C        D         E       F
            +---------+---------+-------+---------+---------+-------
      Total |     482 |      35 |   6.8 |      77 |       1 |   1.3
            +---------+---------+-------+---------+---------+-------
        D:1 |      59 |       0 |   0.0 |      32 |       0 |   0.0
        D:2 |      30 |       0 |   0.0 |      15 |       0 |   0.0
        D:3 |     232 |      35 |  13.1 |      23 |       1 |   4.2
        D:4 |     161 |       0 |   0.0 |       7 |       0 |   0.0
            +---------+---------+-------+---------+---------+-------
